 Dungeon Sprint DCSS version 0.31-a0-981-geadf994542 (webtiles) character file.

Game seed: 8165230003068280168

550 Conn the Destroyer (level 7, -5/41 HPs)
             Began as an Octopode Fire Elementalist on Nov 1, 2023.
             Was an Initiate of Sif Muna.
             Slain by a polar bear (6 damage)
             ... in the Dungeon (Sprint II: "The Violet Keep of Menkaure").
             The game lasted 00:05:17 (447 turns).

Conn the Destroyer (Octopode Fire Elementalist)      Turns: 447, Time: 00:05:18

Health: -5/41      AC:  1    Str:  8    XL:     7   Next: 29%
Magic:  10/18      EV: 15    Int: 19    God:    Sif Muna [......]
Gold:   90         SH:  0    Dex: 12    Spells: 12/22 levels left

rFire   . . .        e - +2 quarterstaff "Dragonbane" {speed, rElec rC- rN++ rCorr}
rCold   x . .        (shield currently unavailable)
rNeg    + + .        (helmet restricted)
rPois   .            (no amulet)
rElec   +            (no ring)
rCorr   +            (no ring)
SInv    .            (no ring)
Will    .....        (no ring)
Stlth   ++++         (no ring)
HPRegen 0.26/turn    (no ring)
MPRegen 0.16/turn    (no ring)
                     (no ring)

%: no teleportation
@: no status effects
A: almost no armour, amphibious, 8 rings, camouflage 1, gelatinous body 1,
(nimble swimmer 1), tentacles
a: Renounce Religion


You were in the Dungeon.
You worshipped Sif Muna.
Sif Muna was noncommittal.
You visited 1 branch You collected 486 gold pieces.
You spent 396 gold pieces at shops.

Inventory:

Hand Weapons
 d - the +8 sling of Vanity {freeze, Str+5}
   (You bought it in a shop in the Dungeon)

   Str+5:     It affects your strength (+5).
 e - the +2 quarterstaff "Dragonbane" (weapon) {speed, rElec rC- rN++ rCorr}
   (You bought it in a shop in the Dungeon)

   rC-:       It makes you vulnerable to cold.
   rElec:     It insulates you from electricity.
   rN++:      It greatly protects you from negative energy.
   rCorr:     It protects you from acid and corrosion.
Missiles
 c - 6 curare-tipped darts
Scrolls
 f - a scroll of blinking
Potions
 a - 3 potions of magic
 b - a potion of curing


   Skills:
 + Level 6.2 Dodging
 - Level 7.2 Stealth
 * Level 8.0 Spellcasting
 * Level 8.4 Conjurations
 + Level 6.5 Fire Magic


You had 12 spell levels left.
You knew the following spells:

 Your Spells              Type           Power      Damage    Failure   Level
a - Foxfire               Conj/Fire      100%       2x1d9     1%          1
b - Scorch                Fire           64%        2d7       1%          2
c - Inner Flame           Hex/Fire       20%        N/A       7%          3
d - Flame Wave            Conj/Fire      36%        2d10      4%          4

Your spell library contained the following spells:

 Spells                   Type           Power      Damage    Failure   Level
 Volatile Blastmotes      Fire/Tloc      40%        2d13      7%          3


Dungeon Overview and Level Annotations

Branches:
Dungeon (1/1)

Altars:
Cheibriados
Dithmenos
Elyvilon
Fedhas
Gozag
Hepliaklqana
Kikubaaqudgha
Makhleb
Nemelex Xobeh
Okawaru
Qazlal
Ru
Sif Muna
Trog
Uskayaw
Vehumet
Wu Jian
Xom
Yredelemnul
Zin
The Shining One
Jiyva
Lugonu

Shops:
D :(:?*([!=[[?[=!

Annotations:
D exclusions: oklob plant and orange crystal statue


Innate Abilities, Weirdness & Mutations

You cannot wear most types of armour.
You are amphibious.
You can wear up to eight rings at the same time.
Your skin changes colour to match your surroundings (Stealth+).
Your rubbery body absorbs attacks. (AC +1, EV +1)
((You are camouflaged when in or above water. (Stealth+)))
You have tentacles for arms and can constrict up to eight enemies at once.


Message History

Okay, then.
You open the door.
Casting: Foxfire (safe; 1% risk of failure)
Confirm with . or Enter, or press ? or * to list all spells.
Flames lash the polar bear.
The polar bear is lightly wounded.
The polar bear's fire resistance burns away.
The yaktaur shouts!
The polar bear growls angrily.
The polar bear bites you! The polar bear completely misses you.
The polar bear claws you.
Casting: Scorch (safe; 1% risk of failure)
Confirm with . or Enter, or press ? or * to list all spells.
Casting: Flame Wave (dangerous; 4% risk of failure)
Press: ? - help, Dir - look around, f - activate A wave of flame ripples out!
The flame wave engulfs the polar bear!
The polar bear is burned terribly!
The polar bear is heavily wounded. (Press . to intensify the flame waves.)
The polar bear barely misses you. The polar bear claws you.
The polar bear barely misses you.
A wave of flame ripples out!
The flame wave engulfs the polar bear!
The polar bear is burned terribly!
The polar bear is severely wounded.
The polar bear goes berserk!
Unknown command.
A wave of flame ripples out!
The flame wave engulfs the polar bear!
The polar bear is burned terribly!
The polar bear is almost dead.
The flame wave engulfs the polar bear!!
The polar bear is moderately wounded.
The flame wave engulfs the polar bear.
The polar bear is lightly wounded.
You finish channelling waves of flame.
The polar bear is engulfed in a cloud of scalding steam.
The polar bear bites you!!
* * * LOW HITPOINT WARNING * * *
The polar bear claws you.
* * * LOW HITPOINT WARNING * * *
The polar bear claws you.
You die...

#l .. ...# #. ###..## #^.# $#
$$[ +###.##..# +..# .#▓$$$)?
.##...#..# #..# .#▓[?$!?!)
<.'##.+..####..##c#▓[([!|![
.##.###....###§§h##▓▓▓▓▓▓▓+
†###.##......§§h§§~~~~~~~~
#.####~~..§..§#h########+###
#..#~~~~~~§..~#.@_._._.#~~§##
..##~~§~~§~~§~#._._._..#~~§§#
'##~~~≈≈≈~~~~~#_._._._.#S§§~§
~~~~~~§≈≈≈≈§§~#._._._._#S§~≈≈
#+++#~≈≈§§§≈≈~#.._._._.#~~~~~
≈≈≈ ##≈≈≈###≈§#..._._._#~§~~≈
§≈§§≈##≈≈# #§§#...._._.#~§≈§≈
8≈≈§≈≈+≈≈# #§≈#....._._#~§≈≈▓
≈≈≈≈≈##≈≈≈≈§≈≈##########~≈≈≈▓


You could see 3 polar bears.

Vanquished Creatures
  A blink frog (D)
  Menkaure (D)
  4 necrophages (D)
  3 worms (D)
9 creatures vanquished.

Vanquished Creatures (others)
  A water moccasin (D)
  12 foxfires (D)
13 creatures vanquished.

Grand Total: 22 creatures vanquished

Notes
Turn   | Place    | Note
-------+----------+-------------------------------------------
     0 | D        | Conn the Octopode Fire Elementalist began the quest for the
                  | Orb.
     0 | D        | Reached XP level 1. HP: 11/11 MP: 3/3
     1 | D        | Noticed a neqoxec
     4 | D        | Noticed a wyvern
     4 | D        | Noticed a wyvern
    10 | D        | Noticed a necrophage
    10 | D        | Noticed a necrophage
    10 | D        | Noticed a necrophage
    10 | D        | Noticed a necrophage
    16 | D        | Killed a necrophage
    17 | D        | Reached XP level 2. HP: 17/17 MP: 4/7
    17 | D        | Reached XP level 3. HP: 21/21 MP: 4/8
    17 | D        | Reached XP level 4. HP: 27/27 MP: 5/10
    19 | D        | Killed a necrophage
    20 | D        | Reached skill level 5 in Stealth
    20 | D        | Reached XP level 5. HP: 31/31 MP: 6/12
    29 | D        | Reached skill level 5 in Spellcasting
    29 | D        | Reached skill level 5 in Conjurations
    29 | D        | Reached skill level 5 in Fire Magic
    39 | D        | Reached skill level 5 in Dodging
    39 | D        | Reached XP level 6. HP: 18/36 MP: 9/15
    54 | D        | Learned a level 2 spell: Scorch
    59 | D        | Learned a level 4 spell: Flame Wave
    63 | D        | Learned a level 3 spell: Inner Flame
   117 | D        | Killed a water moccasin
   205 | D        | Noticed an orange crystal statue
   210 | D        | Found Maziytyt's Armour Emporium.
   211 | D        | Found Qeizidamp's Antique Armour Emporium.
   211 | D        | Found Heji's Jewellery Shoppe.
   212 | D        | Noticed a blink frog
   213 | D        | Found Heogu's Distillery.
   213 | D        | Found Lofedari's Distillery.
   215 | D        | Killed a blink frog
   219 | D        | Found Qyuk's Armour Emporium.
   315 | D        | Found Etukacko's Antique Armour Shoppe.
   315 | D        | Found Ciyhij's Antique Weapon Emporium.
   316 | D        | Found Ymaycwew's Magic Scroll Shoppe.
   316 | D        | Noticed an ice dragon
   317 | D        | Found Omezeigg's Jewellery Shoppe.
   319 | D        | Found Ruogha Vidd's General Store.
   319 | D        | Found Soekuoho's Magic Scroll Shoppe.
   319 | D        | Noticed Menkaure
   319 | D        | Noticed an oklob plant
   324 | D        | Killed Menkaure
   324 | D        | Noticed a redback
   325 | D        | Reached XP level 7. HP: 41/41 MP: 12/18
   325 | D        | Noticed a redback
   326 | D        | Found Ximyiruc's Antique Weapon Shoppe.
   326 | D        | Found Yrocionn's Book Shoppe.
   326 | D        | Found Tonug's Book Emporium.
   345 | D        | Bought 6 curare-tipped darts for 86 gold pieces
   346 | D        | Bought a crude sling for 130 gold pieces
   346 | D        | Identified the +8 sling of Vanity {freeze, Str+5} (You
                  | bought it in a shop in the Dungeon)
   346 | D        | Bought an iridescent quarterstaff for 180 gold pieces
   346 | D        | Identified the +2 quarterstaff "Dragonbane" {speed, rElec
                  | rC- rN++ rCorr} (You bought it in a shop in the Dungeon)
   375 | D        | Found a hazy altar of Hepliaklqana.
   375 | D        | Found a snail-covered altar of Cheibriados.
   376 | D        | Found a stormy altar of Qazlal.
   376 | D        | Found a viscous altar of Jiyva.
   376 | D        | Found a shadowy altar of Dithmenos.
   377 | D        | Found a sacrificial altar of Ru.
   377 | D        | Found an ancient bone altar of Kikubaaqudgha.
   377 | D        | Found a white marble altar of Elyvilon.
   378 | D        | Found an ornate altar of the Wu Jian Council.
   378 | D        | Found a shimmering blue altar of Sif Muna.
   378 | D        | Found a corrupted altar of Lugonu.
   379 | D        | Found a shimmering altar of Xom.
   379 | D        | Found a bloodstained altar of Trog.
   379 | D        | Found a burning altar of Makhleb.
   380 | D        | Found a glowing golden altar of the Shining One.
   380 | D        | Found a basalt altar of Yredelemnul.
   380 | D        | Found a hide-covered altar of Uskayaw.
   382 | D        | Found a glowing silver altar of Zin.
   382 | D        | Found a radiant altar of Vehumet.
   382 | D        | Found a blossoming altar of Fedhas.
   382 | D        | Found a sparkling altar of Nemelex Xobeh.
   382 | D        | Noticed a hornet
   382 | D        | Noticed a polar bear
   383 | D        | Found an opulent altar of Gozag.
   383 | D        | Found an iron altar of Okawaru.
   383 | D        | Noticed a yaktaur
   388 | D        | Became a worshipper of Sif Muna the Loreminder
   435 | D        | Noticed a flying skull
   436 | D        | Noticed a flying skull
   440 | D        | Noticed a polar bear
   441 | D        | Noticed a polar bear
   447 | D        | HP: 1/41 [polar bear (6)]
   447 | D        | Slain by a polar bear

Illustrated notes

Levels and vault maps discovered:
D:        the_violet_keep_of_menkaure [sprint2_stairs_cluster_1,
          sprint2_shoproom, sprint2_temple, sprint2_basic_supplies,
          sprint2_obstacle_4, sprint2_obstacle_1, sprint2_obstacle_2,
          sprint2_obstacle_6, sprint2_obstacle_7, sprint2_timed_cluster_1,
          sprint2_smallroom_cluster_1, sprint2_smallroom_final_cluster_1,
          sprint2_transparent_cluster_1, sprint2_second_timed_cluster_1,
          sprint2_sniper_area_1, sprint2_heavy_combat_area_1,
          sprint2_mutation_trap_area_1, sprint2_forest_area_1,
          sprint2_light_combat_area_1, sprint2_behind_water_1,
          sprint2_near_end_vault_1]

Skill      XL: |  1  2  3  4  5  6 |
---------------+-------------------+-----
Dodging        | 3 4 5 6 |  6.2
Stealth        | 4 5 7 |  7.2
Spellcasting   | 4 6 8 |  8.0
Conjurations   | 3 4 6 8 |  8.4
Fire Magic     | 4 5 6 |  6.5

Action                     |  1- 3 |  4- 6 |  7- 9 || total
---------------------------+-------+-------+-------++-------
  Melee: Unarmed           |     4 |    25 |       ||    29
         Constrict         |     1 |     5 |       ||     6
         Tentacles         |       |     4 |       ||     4
   Cast: Foxfire           |       |     7 |       ||     7
         Scorch            |       |     2 |     1 ||     3
         Inner Flame       |       |     2 |       ||     2
         Flame Wave        |       |     1 |     1 ||     2
    Use: Potion            |     2 |     1 |       ||     3
 Armour: Skin              |       |    12 |     8 ||    20
  Dodge: Dodged            |     2 |    11 |     3 ||    16

Table legend: (Time is in decaauts)
 A = Elapsed time spent in this place.
 B = Non-inter-level travel time spent in this place.
 C = Inter-level travel time spent in this place.
 D = Time resting spent in this place.
 E = Time spent auto-exploring this place.
 F = Levels seen in this place.
 G = Mean time per level.
                   A        B        C        D        E       F      G
               +--------+--------+--------+--------+--------+-----+--------+
         Total |    442 |    442 |      0 |    220 |      0 |   1 |  442.0 |
       Dungeon |    442 |    442 |      0 |    220 |      0 |   1 |  442.0 |
               +--------+--------+--------+--------+--------+-----+--------+

Top non-repeatable levels by time:
       D: 442 daAuts
